 Dungeon Crawl Stone Soup version 0.17.1-1-g73c8601 (webtiles) character file.

122 JustSomeDude the Insei (level 4, 24/37 HPs)
             Began as a Demonspawn Monk on Jan 3, 2016.
             Starved to death
             ... on level 3 of the Dungeon.
             The game lasted 00:06:12 (1940 turns).

JustSomeDude the Insei (Demonspawn Monk)            Turns: 1940, Time: 00:06:12

Health: 24/37      AC:  9    Str: 12    XL:     4   Next: 78%
Magic:  4/4        EV:  6    Int: 11    God:
Gold:   84         SH:  0    Dex: 16    Spells: 0 memorised, 3 levels left

rFire  . . .     SeeInvis .     p - +1 hand axe (distort)
rCold  . . .     Clarity  .     m - +0 chain mail
rNeg   . . .     SustAt   .     (no shield)
rPois  .         Gourm    .     (no helmet)
rElec  .         Spirit   .     n - +0 cloak
rCorr  .         Warding  .     (no gloves)
rMut   .         Rnd*Tele +     (no boots)
MR     .....                    (no amulet)
Stlth  ..........               l - ring of teleportation (curse)
                                d - ring of flight

@: fainting, not resistant to hostile enchantments, extremely unstealthy
A: claws 1, nightstalker 1
a: Evoke Flight, Evoke Teleportation


You were on level 3 of the Dungeon.
You were fainting.

You visited 1 branch of the dungeon, and saw 3 of its levels.

You collected 84 gold pieces.

Inventory:

Hand Weapons
 p - a +1 hand axe of distortion (weapon)
Armour
 m - a +0 chain mail (worn)
 n - a +0 cloak (worn)
Jewellery
 d - a ring of flight (left claw)
 l - a cursed ring of teleportation (right claw)
Scrolls
 c - 2 scrolls of teleportation {unknown}
 e - 2 scrolls of identify {unknown}
 k - a scroll of remove curse {unknown}
Potions
 g - a potion of might {unknown}
 i - 2 potions of flight {unknown}
 j - a potion of experience {unknown}
Comestibles
 a - 4 fruits
 b - 4 bread rations
 f - 4 meat rations
 h - a beef jerky
 o - a slice of pizza


   Skills:
 + Level 3.7 Fighting
 + Level 0.1 Axes
 + Level 1.4 Armour
 + Level 3.5 Dodging
 + Level 1.9 Stealth
 + Level 4.2 Unarmed Combat


You had 3 spell levels left.
You didn't know any spells.

Dungeon Overview and Level Annotations

Branches:
Dungeon (3/15)

Altars:


Innate Abilities, Weirdness & Mutations

You have sharp fingernails.
You are slightly more attuned to the shadows.


Message History

The hungry ghost hits you.
You feel slightly more hungry.
You closely miss the hungry ghost.
The hungry ghost is lightly damaged.
The hungry ghost hits you.
You feel slightly more hungry. The hungry ghost hits you.
You feel slightly more hungry.
Your chain mail prevents you from hitting the hungry ghost.
The hungry ghost is lightly damaged.
The hungry ghost hits you.
You feel slightly more hungry.
Your chain mail prevents you from hitting the hungry ghost.
The hungry ghost is lightly damaged.
The hungry ghost hits you.
You feel slightly more hungry.
You hit the hungry ghost.
Space bends around the hungry ghost.
The hungry ghost is moderately damaged.
The hungry ghost hits you.
You feel slightly more hungry. The hungry ghost hits you.
You hit the hungry ghost.
The hungry ghost is heavily damaged.
The hungry ghost blinks!
You have starved to death.
You die...

#.#.#####.#
#....ยง@)?.#
.........W...
###.#########
#


You could see a hungry ghost.

Vanquished Creatures
  4 adders
  4 gnolls
  A ball python (D:1)
  7 bats
  2 giant cockroaches (D:1)
  2 goblins
  7 hobgoblins
  8 jackals
  3 giant newts
  4 kobolds
  5 rats
47 creatures vanquished.

Vanquished Creatures (others)
  A bat (D:2)
1 creature vanquished.

Grand Total: 48 creatures vanquished

Notes
Turn   | Place    | Note
--------------------------------------------------------------
     0 | D:1      | JustSomeDude the Demonspawn Monk began the quest for the Orb.
     0 | D:1      | Reached XP level 1. HP: 18/18 MP: 1/1
   163 | D:1      | Gained mutation: You are slightly more attuned to the shadows. [demonic ancestry]
   163 | D:1      | Reached XP level 2. HP: 10/24 MP: 2/2
  1020 | D:1      | Reached skill level 4 in Unarmed Combat
  1020 | D:1      | Reached XP level 3. HP: 12/29 MP: 3/3
  1364 | D:2      | Gained mutation: You have sharp fingernails. [demonic ancestry]
  1364 | D:2      | Reached XP level 4. HP: 32/35 MP: 4/4
  1368 | D:2      | Reached skill level 1 in Armour
  1923 | D:3      | Noticed a hungry ghost
  1940 | D:3      | Starved to death

Action                   |  1- 3 |  4- 6 || total
-------------------------+-------+-------++-------
Melee: Unarmed           |   130 |    37 ||   167
       Hand axe          |       |    27 ||    27
  Use: Potion            |     2 |       ||     2
 Stab: Sleeping          |     1 |       ||     1
  Eat: Chunk             |     1 |     2 ||     3
